TOP OF THE 1ST |
New Orleans Zephyrs batting - Pitching for Reno Aces : LHP John Salzmann
|
Pitching: LHP John Salzmann
|
|
Batting: RHB Jerry Delgado
|
0-0: Swinging Strike 0-1: Swinging Strike 0-2: Strikes out swinging
|
Batting: RHB Omar Contreras
|
0-0: Ball 1-0: Swinging Strike 1-1: Foul Ball, location: 2F 1-2: Strikes out looking
|
Batting: RHB Gebre-Giorgios Tikolo
|
0-0: Ball 1-0: Swinging Strike 1-1: Ball 2-1: Ball 3-1: Foul Ball, location: 2F 3-2: Foul Ball, location: 2F 3-2: Foul Ball, location: 2F 3-2: Strikes out swinging
|
Top of the 1st over - 0 runs, 0 hits, 0 errors, 0 left on base; New Orleans 0 - Reno 0 |
BOTTOM OF THE 1ST |
Reno Aces batting - Pitching for New Orleans Zephyrs : LHP Geoff Goss
|
Pitching: LHP Geoff Goss
|
|
Batting: RHB Joe Smack
|
0-0: Foul Ball, location: 2F 0-1: Called Strike 0-2: Strikes out looking
|
Batting: RHB Andy Swaim
|
0-0: Ball 1-0: Ball 2-0: Ball 3-0: Called Strike 3-1: Ground out 4-3 (Groundball, 4, EV 110.6 MPH)
|
Batting: RHB Katilimomi Kelekolio
|
0-0: Foul Ball, location: 2F 0-1: SINGLE (Line Drive, 34D, EV 96.3 MPH)
|
Batting: RHB Jon Solano
|
0-0: Ball 1-0: DOUBLE (Popup, 4D, EV 50.0 MPH) Katilimomi Kelekolio to third Katilimomi Kelekolio scores
|
Batting: SHB Warren Eisner
|
0-0: Called Strike 0-1: Ball 1-1: Ground out 6-3 (Groundball, 6, EV 86.3 MPH)
|
Bottom of the 1st over - 1 run, 2 hits, 0 errors, 1 left on base; New Orleans 0 - Reno 1 |
TOP OF THE 2ND |
New Orleans Zephyrs batting - Pitching for Reno Aces : LHP John Salzmann
|
Batting: RHB Chris Lee
|
0-0: Ground out 6-3 (Groundball, P, EV 85.6 MPH)
|
Batting: RHB Jesus Castillo
|
0-0: Called Strike 0-1: Ground out 5-3 (Groundball, 5, EV 82.5 MPH)
|
Batting: RHB Humberto Oros
|
0-0: Ball 1-0: Fly out, F8 (Flyball, 8RS, EV 84.4 MPH)
|
Top of the 2nd over - 0 runs, 0 hits, 0 errors, 0 left on base; New Orleans 0 - Reno 1 |
BOTTOM OF THE 2ND |
Reno Aces batting - Pitching for New Orleans Zephyrs : LHP Geoff Goss
|
Batting: RHB Israel Gaona
|
0-0: Called Strike 0-1: Fly out, F9 (Flyball, 89D, EV 80.6 MPH)
|
Batting: RHB Alex Vasquez
|
0-0: Called Strike 0-1: Foul Ball, location: 2F 0-2: Foul Ball, location: 2F 0-2: Ball 1-2: SINGLE (Groundball, 6MS, EV 68.1 MPH) (infield hit)
|
Batting: SHB Luis Lira
|
0-0: Ball 1-0: Foul Ball, location: 2F 1-1: Ball 2-1: SINGLE (Groundball, 56S, EV 66.3 MPH) (infield hit) Alex Vasquez to second
|
Batting: RHB Juan Espinoza
|
0-0: Ball 1-0: Called Strike 1-1: Ball 2-1: Swinging Strike 2-2: Ball 3-2: Foul Ball, location: 2F 3-2: Strikes out swinging
|
Batting: RHB Joe Smack
|
0-0: Ball 1-0: Ball 2-0: Foul Ball, location: 2F 2-1: SINGLE (Groundball, 5L, EV 102.5 MPH) (infield hit) Alex Vasquez to third Luis Lira to second
|
Batting: RHB Andy Swaim
|
0-0: Foul Ball, location: 2F 0-1: Called Strike 0-2: Ball 1-2: Ball 2-2: SINGLE (Groundball, 56D, EV 106.3 MPH) Alex Vasquez scores Luis Lira to third Joe Smack to second Runner from 3rd tries for Home, throw by LF and OUT! 7-2
|
Bottom of the 2nd over - 1 run, 4 hits, 0 errors, 2 left on base; New Orleans 0 - Reno 2 |
TOP OF THE 3RD |
New Orleans Zephyrs batting - Pitching for Reno Aces : LHP John Salzmann
|
Batting: RHB Kyle Ashton
|
0-0: Called Strike 0-1: Ball 1-1: Ball 2-1: Ball 3-1: Foul Ball, location: 2F 3-2: Foul Ball, location: 2F 3-2: Foul Ball, location: 2F 3-2: Foul Ball, location: 2F 3-2: SINGLE (Groundball, 56D, EV 101.9 MPH)
|
Batting: SHB Ramon Martinez
|
0-0: Called Strike 0-1: SINGLE (Groundball, 4MD, EV 100.6 MPH) Kyle Ashton to second
|
Batting: RHB John Jackson
|
0-0: Foul Ball, location: 2F 0-1: Swinging Strike 0-2: Foul Ball, location: 2F 0-2: Ball 1-2: Strikes out looking
|
Batting: RHB Jerry Delgado
|
0-0: Ball 1-0: Ball 2-0: Foul Ball, location: 2F 2-1: Grounds into double play, 3-6-3 (Groundball, 34, EV 81.3 MPH)
|
Top of the 3rd over - 0 runs, 2 hits, 0 errors, 1 left on base; New Orleans 0 - Reno 2 |
BOTTOM OF THE 3RD |
Reno Aces batting - Pitching for New Orleans Zephyrs : LHP Geoff Goss
|
Batting: RHB Katilimomi Kelekolio
|
0-0: Ball 1-0: Called Strike 1-1: Foul Ball, location: 2F 1-2: Ball 2-2: Fly out, F7 (Flyball, 78S, EV 96.3 MPH)
|
Batting: RHB Jon Solano
|
0-0: Called Strike 0-1: Foul Ball, location: 2F 0-2: Strikes out swinging
|
Batting: SHB Warren Eisner
|
0-0: Ball 1-0: Foul Ball, location: 2F 1-1: Called Strike 1-2: Foul Ball, location: 2F 1-2: Ball 2-2: Ball 3-2: Foul Ball, location: 2F 3-2: Foul Ball, location: 2F 3-2: Strikes out swinging
|
Bottom of the 3rd over - 0 runs, 0 hits, 0 errors, 0 left on base; New Orleans 0 - Reno 2 |
TOP OF THE 4TH |
New Orleans Zephyrs batting - Pitching for Reno Aces : LHP John Salzmann
|
Batting: RHB Omar Contreras
|
0-0: Ball 1-0: SINGLE (Groundball, 6MD, EV 98.8 MPH)
|
Batting: RHB Gebre-Giorgios Tikolo
|
0-0: SINGLE (Groundball, 6MD, EV 95.6 MPH) Omar Contreras to second Runner from 2nd tries for 3rd, SAFE, throw by CF made to third
|
Batting: RHB Chris Lee
|
0-0: Ball 1-0: Ball 2-0: Foul Ball, location: 2F 2-1: Ball 3-1: Base on Balls Gebre-Giorgios Tikolo to second
|
Batting: RHB Jesus Castillo
|
0-0: Called Strike 0-1: Fielders Choice at 2nd, 6-4 (Groundball, 6M, EV 87.5 MPH) Omar Contreras scores Gebre-Giorgios Tikolo to third
|
Batting: RHB Humberto Oros
|
0-0: Called Strike 0-1: Swinging Strike 0-2: Ball 1-2: Strikes out swinging
|
Batting: RHB Kyle Ashton
|
0-0: Foul Ball, location: 2F 0-1: Ball 1-1: Ball 2-1: Ball 3-1: Ground out 4-3 (Groundball, 4, EV 86.9 MPH)
|
Top of the 4th over - 1 run, 2 hits, 0 errors, 2 left on base; New Orleans 1 - Reno 2 |
BOTTOM OF THE 4TH |
Reno Aces batting - Pitching for New Orleans Zephyrs : LHP Geoff Goss
|
Batting: RHB Israel Gaona
|
0-0: Called Strike 0-1: Foul Ball, location: 2F 0-2: Ball 1-2: TRIPLE (Line Drive, 9LD, EV 98.1 MPH)
|
Batting: RHB Alex Vasquez
|
0-0: Called Strike 0-1: Ball 1-1: SINGLE (Line Drive, 8RS, EV 91.3 MPH) Israel Gaona scores
|
Batting: SHB Luis Lira
|
0-0: Fielders Choice at 2nd, 3-6 (Groundball, 34, EV 111.9 MPH)
|
Batting: RHB Juan Espinoza
|
0-0: Ball 1-0: Fly out, F9 (Flyball, 9D, EV 99.4 MPH)
|
Batting: RHB Joe Smack
|
0-0: Ball 1-0: Foul Ball, location: 2F 1-1: Ball 2-1: Foul Ball, location: 2F 2-2: Fielders Choice at 2nd, U4 (Groundball, 6MD, EV 81.9 MPH)
|
Bottom of the 4th over - 1 run, 2 hits, 0 errors, 1 left on base; New Orleans 1 - Reno 3 |
TOP OF THE 5TH |
New Orleans Zephyrs batting - Pitching for Reno Aces : LHP John Salzmann
|
Batting: SHB Ramon Martinez
|
0-0: Ball 1-0: Ball 2-0: Foul Ball, location: 2F 2-1: SINGLE (Flyball, 7LS, EV 93.8 MPH)
|
Batting: RHB John Jackson
|
0-0: Foul Ball, location: 2F 0-1: Called Strike 0-2: Foul Ball, location: 2F 0-2: Fielders Choice at 2nd, 6-4 (Groundball, 6, EV 84.4 MPH)
|
Batting: RHB Jerry Delgado
|
0-0: DOUBLE (Groundball, 5L, EV 103.1 MPH) John Jackson to third Runner from 3rd tries for Home, SAFE, throw by LF to home
|
Batting: RHB Omar Contreras
|
0-0: Ball 1-0: Ball 2-0: Called Strike 2-1: Ground out 4-3 (Groundball, 4M, EV 110.6 MPH) Jerry Delgado to third
|
Batting: RHB Gebre-Giorgios Tikolo
|
0-0: Ground out 6-3 (Groundball, 6, EV 85.6 MPH)
|
Top of the 5th over - 1 run, 2 hits, 0 errors, 1 left on base; New Orleans 2 - Reno 3 |
BOTTOM OF THE 5TH |
Reno Aces batting - Pitching for New Orleans Zephyrs : LHP Geoff Goss
|
Batting: RHB Andy Swaim
|
0-0: Fly out, F3 (Line Drive, 3, EV 75.0 MPH)
|
Batting: RHB Katilimomi Kelekolio
|
0-0: Ball 1-0: Ball 2-0: Ball 3-0: Base on Balls
|
Batting: RHB Jon Solano
|
0-0: Called Strike 0-1: Ball 1-1: Foul Ball, location: 2F 1-2: Foul Ball, location: 2F 1-2: Foul Ball, location: 2F 1-2: Fly out, F8 (Flyball, 89D, EV 80.6 MPH)
|
Batting: SHB Warren Eisner
|
0-0: Ball 1-0: Called Strike 1-1: Ball 2-1: SINGLE (Groundball, 25, EV 74.4 MPH) (infield hit) Katilimomi Kelekolio to second
|
Batting: RHB Israel Gaona
|
0-0: Called Strike 0-1: SINGLE (Line Drive, 9LS, EV 114.4 MPH) Katilimomi Kelekolio to third Warren Eisner to second Runner from 3rd tries for Home, SAFE, throw by RF to home
|
Batting: RHB Alex Vasquez
|
0-0: Ball 1-0: Foul Ball, location: 2F 1-1: Called Strike 1-2: Fly out, F9 (Line Drive, 9S, EV 103.8 MPH)
|
Bottom of the 5th over - 1 run, 2 hits, 0 errors, 2 left on base; New Orleans 2 - Reno 4 |
TOP OF THE 6TH |
New Orleans Zephyrs batting - Pitching for Reno Aces : LHP John Salzmann
|
Batting: RHB Chris Lee
|
0-0: Called Strike 0-1: Called Strike 0-2: Strikes out looking
|
Batting: RHB Jesus Castillo
|
0-0: Ball 1-0: Ball 2-0: Fly out, F9 (Flyball, 89M, EV 88.1 MPH)
|
Batting: RHB Humberto Oros
|
0-0: Ball 1-0: Called Strike 1-1: Ball 2-1: DOUBLE (Groundball, 5L, EV 103.8 MPH)
|
Batting: RHB Kyle Ashton
|
0-0: Ground out 1-3 (Groundball, 13, EV 70.0 MPH)
|
Top of the 6th over - 0 runs, 1 hit, 0 errors, 1 left on base; New Orleans 2 - Reno 4 |
BOTTOM OF THE 6TH |
Reno Aces batting - Pitching for New Orleans Zephyrs : LHP Geoff Goss
|
Pitching: RHP Mike Myers
|
|
Batting: SHB Luis Lira
|
0-0: Called Strike 0-1: Ball 1-1: Foul Ball, location: 2F 1-2: Ball 2-2: Foul Ball, location: 2F 2-2: Foul Ball, location: 2F 2-2: Fly out, F7 (Flyball, 7LS, EV 86.9 MPH)
|
Batting: RHB Juan Espinoza
|
0-0: Called Strike 0-1: Ground out 4-3 (Groundball, 4, EV 106.9 MPH)
|
Batting: RHB Joe Smack
|
0-0: Foul Ball, location: 2F 0-1: Foul Ball, location: 2F 0-2: Ball 1-2: Foul Ball, location: 2F 1-2: Ball 2-2: Fly out, F8 (Flyball, 8LD, EV 90.6 MPH)
|
Bottom of the 6th over - 0 runs, 0 hits, 0 errors, 0 left on base; New Orleans 2 - Reno 4 |
TOP OF THE 7TH |
New Orleans Zephyrs batting - Pitching for Reno Aces : LHP John Salzmann
|
Batting: SHB Ramon Martinez
|
0-0: Called Strike 0-1: Ball 1-1: Foul Ball, location: 2F 1-2: Ball 2-2: Ball 3-2: Strikes out looking
|
Batting: RHB John Jackson
|
0-0: Ball 1-0: Ball 2-0: Foul Ball, location: 2F 2-1: Ball 3-1: Called Strike 3-2: Foul Ball, location: 2F 3-2: Ground out 6-3 (Groundball, 6, EV 85.0 MPH)
|
Batting: RHB Jerry Delgado
|
0-0: Called Strike 0-1: Ball 1-1: Ball 2-1: Fly out, F9 (Flyball, 9, EV 88.1 MPH)
|
Top of the 7th over - 0 runs, 0 hits, 0 errors, 0 left on base; New Orleans 2 - Reno 4 |
BOTTOM OF THE 7TH |
Reno Aces batting - Pitching for New Orleans Zephyrs : RHP Mike Myers
|
Batting: RHB Andy Swaim
|
0-0: Ball 1-0: Ball 2-0: Foul Ball, location: 2F 2-1: Foul Ball, location: 2F 2-2: Ball 3-2: Foul Ball, location: 2F 3-2: Foul Ball, location: 2F 3-2: Foul Ball, location: 2F 3-2: SINGLE (Groundball, 56, EV 97.5 MPH)
|
Batting: RHB Katilimomi Kelekolio
|
0-0: Ball Andy Swaim steals 2nd base 1-0: Ball 2-0: Ball 3-0: Called Strike 3-1: Base on Balls
|
Batting: RHB Jon Solano
|
0-0: Called Strike 0-1: Ball 1-1: Ball 2-1: SINGLE (Line Drive, 6D, EV 98.1 MPH) Andy Swaim to third Katilimomi Kelekolio to second
|
Batting: SHB Warren Eisner
|
0-0: Ball 1-0: Called Strike 1-1: Foul Ball, location: 2F 1-2: Strikes out swinging
|
Batting: RHB Israel Gaona
|
0-0: Ball 1-0: Ball 2-0: Called Strike 2-1: Ball 3-1: Base on Balls Andy Swaim scores Katilimomi Kelekolio to third Jon Solano to second
|
Pitching: RHP David Laska
|
|
Batting: RHB Alex Vasquez
|
0-0: Ball 1-0: Ball 2-0: Grounds into fielders choice 4-2 (Groundball, 4S, EV 67.5 MPH) Jon Solano to third Israel Gaona to second
|
Batting: SHB Luis Lira
|
0-0: Called Strike 0-1: Ball 1-1: Ball 2-1: GRAND SLAM HOME RUN (Flyball, 78XD, EV 101.9 MPH), Distance : 410 ft
|
Pinch Hitting: RHB Paul Van Gilder
|
0-0: Foul Ball, location: 2F 0-1: Foul Ball, location: 2F 0-2: Ball 1-2: Ground out 3-1 (Groundball, 34, EV 100.0 MPH)
|
Bottom of the 7th over - 5 runs, 3 hits, 0 errors, 0 left on base; New Orleans 2 - Reno 9 |
TOP OF THE 8TH |
New Orleans Zephyrs batting - Pitching for Reno Aces : LHP John Salzmann
|
Pitching: RHP Josh Pugh
|
|
Now in RF: Bill Morgan
|
|
Batting: RHB Omar Contreras
|
0-0: Ball 1-0: Ball 2-0: Ball 3-0: Base on Balls
|
Pinch Hitting: RHB Gavin Helton
|
0-0: Called Strike 0-1: Foul Ball, location: 2F 0-2: Ball 1-2: Foul Ball, location: 2F 1-2: Foul Ball, location: 2F 1-2: Strikes out swinging
|
Batting: RHB Chris Lee
|
0-0: Foul Ball, location: 2F 0-1: SINGLE (Groundball, 6MS, EV 75.0 MPH) (infield hit) Omar Contreras to second
|
Batting: RHB Jesus Castillo
|
0-0: Ball 1-0: Ball 2-0: Ball 3-0: Base on Balls Omar Contreras to third Chris Lee to second
|
Pinch Hitting: RHB Alex Gomez
|
0-0: Ball 1-0: Foul Ball, location: 2F 1-1: Ball 2-1: Swinging Strike 2-2: Foul Ball, location: 2F 2-2: Ball 3-2: Base on Balls Omar Contreras scores Chris Lee to third Jesus Castillo to second
|
Pinch Hitting: LHB Adrian Young
|
0-0: Called Strike 0-1: Swinging Strike 0-2: Ball 1-2: Strikes out swinging
|
Batting: SHB Ramon Martinez
|
0-0: Called Strike 0-1: Foul Ball, location: 2F 0-2: Strikes out swinging
|
Top of the 8th over - 1 run, 1 hit, 0 errors, 3 left on base; New Orleans 3 - Reno 9 |
BOTTOM OF THE 8TH |
Reno Aces batting - Pitching for New Orleans Zephyrs : RHP David Laska
|
Now at 2B: Alex Gomez
|
|
Now at 3B: Gavin Helton
|
|
Now at SS: Ramon Martinez
|
|
Now in RF: Adrian Young
|
|
Batting: RHB Joe Smack
|
0-0: SINGLE (Line Drive, 6MD, EV 97.5 MPH)
|
Batting: RHB Andy Swaim
|
0-0: Called Strike 0-1: Called Strike 0-2: Ball 1-2: Ball 2-2: Foul Ball, location: 2F 2-2: Ball 3-2: Fielders Choice at 2nd, 6-4 (Groundball, 6S, EV 79.4 MPH)
|
Batting: RHB Katilimomi Kelekolio
|
0-0: Called Strike 0-1: Foul Ball, location: 2F 0-2: Foul Ball, location: 2F 0-2: SINGLE (Line Drive, 9S, EV 105.6 MPH) Andy Swaim to second
|
Batting: RHB Jon Solano
|
0-0: Called Strike 0-1: Ball 1-1: Foul Ball, location: 2F 1-2: Strikes out swinging
|
Batting: SHB Warren Eisner
|
0-0: Foul Ball, location: 2F 0-1: Called Strike 0-2: Ball 1-2: Ball 2-2: Foul Ball, location: 2F 2-2: Ground out U3 (Groundball, 34S, EV 90.0 MPH)
|
Bottom of the 8th over - 0 runs, 2 hits, 0 errors, 2 left on base; New Orleans 3 - Reno 9 |
TOP OF THE 9TH |
New Orleans Zephyrs batting - Pitching for Reno Aces : RHP Josh Pugh
|
Batting: RHB John Jackson
|
0-0: Ball 1-0: Foul Ball, location: 2F 1-1: Foul Ball, location: 2F 1-2: Strikes out swinging
|
Batting: RHB Jerry Delgado
|
0-0: Ball 1-0: Foul Ball, location: 2F 1-1: Ball 2-1: Foul Ball, location: 2F 2-2: Foul Ball, location: 2F 2-2: Foul Ball, location: 2F 2-2: Strikes out looking
|
Batting: RHB Omar Contreras
|
0-0: Called Strike 0-1: Ball 1-1: Swinging Strike 1-2: Fly out, F5 (Popup, 56, EV 68.1 MPH)
|
Top of the 9th over - 0 runs, 0 hits, 0 errors, 0 left on base; New Orleans 3 - Reno 9 |
|